AoeStats
← KATOHHEI

Scandinavia

510730825Analyzed
1v1 RM · 15h ago on Oct 2, 2026· 52m 30s· 2 players
Game mode
Random Map
Map size
Tiny (2 player)
Population
200
Speed
Normal
Resources
Standard
Victory
Conquest
Starting age
Dark Age
Ending age
Imperial Age
RankedLock teamsTeams togetherTeam positionsShared explorationLock speedFull tech treeHidden civsTurbo modeCheats
Victory
Defeat
🇫🇮 Vikings · Finland
1297
+16
🇩🇪 Mongols · Germany
1299
-16
KATOHHEI
2:12 Loom
10:11 Feudal Age
10:28 Man-at-Arms
11:08 Double-Bit Axe
10:51 Man-at-Arms
15:27 Fishing Lines
22:28 Castle Age
20:20 Fletching
21:42 Padded Archer Armor
22:19 Stone Mining
22:50 Crossbowman
23:30 Gillnets
25:44 Bodkin Arrow
25:57 Town Watch
28:11 Ballistics
28:30 Leather Archer Armor
30:39 Horse Collar
37:17 Imperial Age
36:58 Masonry
37:35 Bow Saw
37:19 Gold Mining
38:05 Arbalester
38:47 Bracer
41:57 Chemistry
44:43 Conscription
45:41 Town Patrol
46:05 Bogsveigar
49:26 Heavy Plow
50:27 Ring Archer Armor
51:34 Hoardings
52:05 Architecture
51:23 Arrowslits
51:44 Siege Engineers
berta
3:48 Loom
8:50 Feudal Age
11:34 Double-Bit Axe
12:51 Horse Collar
17:03 Wheelbarrow
18:12 Stone Mining
18:12 Gold Mining
22:17 Castle Age
20:43 Fletching
20:46 Gold Mining
21:21 Padded Archer Armor
21:43 Stone Mining
22:33 Bloodlines
24:04 Bodkin Arrow
24:45 Husbandry
25:04 Leather Archer Armor
25:56 Ballistics
29:07 Town Watch
38:45 Imperial Age
39:26 Gold Shaft Mining
39:25 Bracer
42:45 Scale Barding Armor
42:50 Forging
42:02 Light Cavalry
44:20 Chemistry
43:24 Hussar
45:45 Chain Barding Armor
48:21 Iron Casting
Connection lost

Rejoining the realm…

Still unreachable

The connection could not be restored.

Session expired

The server has moved on; the page needs a fresh start.